 Dungeon Crawl Stone Soup version 0.21.1-1-g345015fe64 (webtiles) character file.

61455 Htamos the Severer (level 15, 0/130 HPs)
             Began as a Formicid Fighter on July 5, 2018.
             Was the Champion of Okawaru.
             Slain by a spriggan rider
             ... wielding a +0 spear
              (10 damage)
             ... on level 2 of the Swamp.
             The game lasted 01:18:09 (23936 turns).

Htamos the Severer (Formicid Fighter)              Turns: 23936, Time: 01:18:09

Health: 0/130      AC: 21    Str: 27    XL:     15   Next: 42%
Magic:  15/15      EV:  8    Int:  7    God:    Okawaru [******]
Gold:   893        SH: 12    Dex: 11    Spells: 14/14 levels left

rFire    + . .     SeeInvis +   L - +2 war axe (flame)
rCold    . . .     Gourm    +   c - +0 shield
rNeg     . . .     Faith    .   X - +2 chain mail "Woukh" {MR+}
rPois    +         Spirit   .   (helmet unavailable)
rElec    .         Reflect  .   D - +0 cloak
rCorr    .         Harm     .   S - +0 pair of gloves of the Okapi {rF+}
MR       ++...                  h - +2 pair of boots
Stlth    ..........             T - amulet of the gourmand
HPRegen  0.31/turn              a - ring of poison resistance
MPRegen  0.14/turn              H - +3 ring of evasion

@: grasped by roots, very slow
A: permanent stasis, dig shafts and tunnels, four strong arms, antennae 3
a: Dig, Shaft Self, Heroism, Finesse, Renounce Religion


You were on level 2 of the Swamp.
You worshipped Okawaru.
Okawaru was exalted by your worship.
You were very full.

You visited 4 branches of the dungeon, and saw 22 of its levels.

You collected 1439 gold pieces.
You spent 546 gold pieces at shops.

Inventory:

Hand Weapons
 l - a +3 battleaxe
 L - a +2 war axe of flaming (weapon)
Armour
 c - a +0 shield (worn)
 h - a +2 pair of boots (worn)
 o - the +2 scale mail "Wojix" {Str-5 Dex+7}
   (Okawaru gifted it to you on level 2 of the Lair of Beasts)

   It affects your strength (-5).
   It affects your dexterity (+7).
 r - a +0 chain mail
 B - a +2 plate armour of fire resistance
 D - a +0 cloak (worn)
 I - the +4 chain mail of Nerph {*Slow +Inv rF+++ rN+}
   (Okawaru gifted it to you on level 1 of the Lair of Beasts)

   It renders you almost immune to fire.
   It protects you from negative energy.
   It lets you turn invisible.
   It may slow you when you take damage.
 S - the +0 pair of gloves of the Okapi (worn) {rF+}
   (You found it on level 3 of the Lair of Beasts)

   It protects you from fire.
 X - the +2 chain mail "Woukh" (worn) {MR+}
   (Okawaru gifted it to you on level 5 of the Lair of Beasts)

   It affects your resistance to hostile enchantments.
Jewellery
 a - a ring of poison resistance (left hand)
 i - a +3 ring of intelligence
 s - a +1 ring of evasion
 t - a +2 ring of intelligence
 u - an uncursed ring of stealth
 w - an uncursed ring of protection from fire
 C - an uncursed ring of flight
 F - an uncursed ring of stealth
 H - a +3 ring of evasion (right hand)
 T - an amulet of the gourmand (around neck)
Wands
 x - a wand of iceblast (5)
 M - a wand of clouds (6)
 N - a wand of flame (24)
 V - a wand of paralysis (13)
 W - a wand of digging (13)
Scrolls
 e - 3 scrolls of immolation
 m - a scroll of noise
 n - 10 scrolls of remove curse
 q - 8 scrolls of amnesia
 y - 3 scrolls of fear
 z - 2 scrolls of fog
 O - a scroll of vulnerability
 R - a scroll of magic mapping
 Y - a scroll of torment
Potions
 d - a potion of mutation {unknown}
 g - a potion of magic {unknown}
 j - a potion of resistance
 k - 6 potions of degeneration
 p - a potion of ambrosia
 v - 5 potions of brilliance
 E - 3 potions of agility
 G - 3 potions of curing
 J - a potion of berserk rage {unknown}
 P - 3 potions of lignification
 Q - 4 potions of cancellation {unknown}
 U - a potion of flight {unknown}
Books
 K - a book of Misfortune

   Spells                             Type                      Level
   a - Confusing Touch                Hexes                        1
   b - Confuse                        Hexes                        3
   c - Gell's Gravitas                Translocation                3
   d - Petrify                        Transmutation/Earth          4
   e - Metabolic Englaciation         Hexes/Ice                    5
   f - Yara's Violent Unravelling     Hexes/Transmutation          5
Miscellaneous
 b - a box of beasts
Comestibles
 f - 39 rations
 A - 2 chunks of flesh


   Skills:
 * Level 15.8 Fighting
 - Level 16.0 Axes
 + Level 13.0 Armour
 - Level 0.4 Stealth
 - Level 9.1 Shields


You had 14 spell levels left.
You didn't know any spells.

Dungeon Overview and Level Annotations

Branches:
Dungeon (12/15)            Temple (1/1) D:6            Lair (6/6) D:11
  Swamp (3/4) Lair:3       Spider (0/4) Lair:3        Slime (0/5) Lair:5
    Orc: D:9-12

Altars:
Ashenzari
Cheibriados
Dithmenos
Elyvilon
Fedhas
Gozag
Hepliaklqana
Kikubaaqudgha
Makhleb
Nemelex Xobeh
Okawaru
Qazlal
Ru
Sif Muna
Trog
Uskayaw
Vehumet
Wu Jian
Xom
Yredelemnul
Zin
The Shining One
Jiyva

Shops:
D:5 [[   D:9 (


Innate Abilities, Weirdness & Mutations

You cannot be hasted, slowed, berserked, paralysed or teleported.
You can dig through walls and to a lower floor.
Your four strong arms can wield two-handed weapons with a shield.
You have a pair of large antennae on your head. (SInv)


Message History

You are struck by the briar patch's thorns.
* * * LOW HITPOINT WARNING * * *
You hit the briar patch but do no damage.
The briar patch crumbles away. x2
The spriggan rider hits you but does no damage.
You block the spriggan rider's attack.
It was a potion of curing.
You feel better.
The briar patch crumbles away.
You block the swamp worm's attack.
The spriggan rider hits you from afar with an enchanted spear!
* * * LOW HITPOINT WARNING * * *
The spriggan rider barely misses you.
The swamp worm bites you but does no damage.
Unknown command.
Okay, then.
You feel better.
The briar patch crumbles away.
The spriggan rider hits you but does no damage.
The swamp worm bites you.
* * * LOW HITPOINT WARNING * * *
The spriggan rider hits you with a spear!
You die...

.≈≈≈≈≈.. ≈.≈............. ♣♣
♣..≈≈≈.♣ ....≈♣........♣♣
..♣♣.....≈♣♣..≈≈..♣≈.≈♣♣...[
.<.≈≈≈.....f≈≈≈≈≈≈♣♣♣♣ ♣♣§≈.
♣♣.≈≈≈.♣≈...≈P≈≈≈≈♣♣♣♣ ♣♣♣♣
♣≈.≈≈..§≈≈≈.P≈≈≈≈≈.≈≈♣ ♣
♣.≈≈≈.≈≈≈..i.≈≈§≈≈≈≈.≈♣♣♣ ♣
≈≈≈≈≈≈.≈≈≈.i.≈≈≈≈§≈≈§..≈♣♣ ♣
≈≈.♣...≈w@≈P.....≈♣≈.≈.♣♣♣
.§ ♣♣♣♣♣♣..P......≈≈≈..♣♣.
♣♣♣♣♣♣♣♣♣.≈≈.≈≈≈≈≈.♣♣<≈
♣...♣...≈.§§.≈≈≈≈≈≈≈≈.≈
♣≈.♣.≈≈.....§≈≈≈≈≈≈≈.≈
♣..........≈.≈)≈≈≈≈.§.
♣≈....≈...≈≈...)...♣♣≈
♣♣≈...≈≈≈.≈.§≈(≈♣≈♣♣≈≈
♣≈..≈≈.≈♣.≈♣♣♣♣♣♣♣≈♣.


You could see a shambling mangrove, 2 spriggan riders and a swamp worm.

Vanquished Creatures
  2 thorn hunters
  The ghost of Scypier the Spear-Bearer, a journeyman GnWn of Okawaru (Lair:6)
  8 hydras
  A ghost crab (Swamp:2)
  Erica (D:8)
  A two-headed ogre (D:9)
  2 alligators (Swamp:2)
  6 death yaks
  2 unseen horrors (D:10)
  A spriggan druid (Swamp:2)
  A phantasmal warrior (D:12)
  An orb spider (Lair:3)
  An oklob plant (Lair:2)
  2 ugly things
  A cyclops (D:11)
  17 elephants
  4 black mambas
  13 spiny frogs
  A centaur skeleton (D:11)
  4 rime drakes
  4 komodo dragons
  A freezing wraith (D:12)
  2 polar bears (Lair:6)
  2 trolls (D:10)
  3 tyrant leeches
  11 blink frogs
  12 slime creatures
  8 dream sheep
  7 hornets
  4 hippogriffs
  2 bog bodies (Swamp:2)
  16 spriggans
  A shadow (Swamp:3)
  15 yaks
  Grum (D:9)
  A hungry ghost (D:10)
  2 basilisks (Lair:1)
  6 swamp worms
  9 water moccasins
  8 porcupines
  2 sky beasts
  A swamp drake (Swamp:2)
  4 black bears (Lair:6)
  A hornet zombie (D:9)
  3 orc warriors
  4 phantoms
  4 ogres
  5 boggarts (Lair:6)
  15 crocodiles
  27 wolves
  2 big kobolds
  15 bullfrogs
  A wyvern skeleton (D:7)
  3 scorpions
  4 wights
  5 electric eels (Lair:3)
  4 crimson imps
  4 bullfrog zombies
  5 centaur zombies
  2 hounds
  6 jellies
  A gnoll shaman (D:9)
  Crazy Yiuf (D:7)
  A bullfrog skeleton (D:11)
  Terence (D:3)
  Jessica (D:2)
  6 orc wizards
  2 iguanas
  10 worker ants
  A hound skeleton (D:5)
  A mummy (D:10)
  A worker ant zombie (D:10)
  A howler monkey skeleton (D:8)
  11 adders
  3 gnolls (D:9)
  4 shadow imps
  7 oozes
  An adder skeleton (D:9)
  A dart slug (D:3)
  3 worms
  4 leopard geckos
  18 orcs
  4 bats
  6 giant cockroaches
  6 goblins
  5 hobgoblins
  3 jackals (D:8)
  4 quokkas
  2 ball pythons
  4 frilled lizards
  A jackal zombie (D:6)
  22 kobolds
  A quokka skeleton (D:4)
  2 quokka zombies (D:8)
  6 rats
  A briar patch (Swamp:2)
  6 fungi
  A plant (Lair:1)
455 creatures vanquished.

Vanquished Creatures (collateral kills)
  An electric eel (Lair:3)
1 creature vanquished.

Vanquished Creatures (others)
  An alligator (Swamp:2)
  A swamp dragon (Swamp:2)
  A tyrant leech (Swamp:2)
  A swamp worm (Swamp:2)
  An orc wizard (D:9)
  12 fungi
  6 plants
23 creatures vanquished.

Grand Total: 479 creatures vanquished

Notes
Turn   | Place    | Note
-------+----------+-------------------------------------------
     0 | D:1      | Htamos the Formicid Fighter began the quest for the Orb.
     0 | D:1      | Reached XP level 1. HP: 18/18 MP: 1/1
   167 | D:1      | Reached XP level 2. HP: 14/24 MP: 2/2
  1102 | D:2      | Found a radiant altar of Vehumet.
  1108 | D:2      | Found an opulent altar of Gozag.
  1158 | D:2      | Reached XP level 3. HP: 28/30 MP: 3/3
  1192 | D:2      | Noticed Jessica
  1571 | D:2      | Found a radiant altar of Vehumet.
  1573 | D:2      | Found a shattered altar of Ashenzari.
  1573 | D:2      | Found a stormy altar of Qazlal.
  1576 | D:2      | Found a blossoming altar of Fedhas.
  1576 | D:2      | Found a glowing golden altar of the Shining One.
  1576 | D:2      | Found a shimmering altar of Xom.
  1707 | D:2      | Killed Jessica
  1707 | D:2      | Reached XP level 4. HP: 33/37 MP: 4/4
  2132 | D:3      | Reached skill level 3 in Axes
  2138 | D:3      | Reached XP level 5. HP: 35/42 MP: 5/5
  2203 | D:3      | Noticed Terence
  2210 | D:3      | Killed Terence
  2595 | D:4      | Noticed a phantom
  3033 | D:3      | Reached skill level 5 in Shields
  3372 | D:4      | Reached XP level 6. HP: 44/48 MP: 6/6
  3564 | D:4      | Found a stormy altar of Qazlal.
  3666 | D:3      | Killed a phantom
  3666 | D:3      | Reached skill level 4 in Axes
  3833 | D:4      | Found a snail-covered altar of Cheibriados.
  3954 | D:5      | Entered Level 5 of the Dungeon
  3985 | D:5      | Reached XP level 7. HP: 50/54 MP: 7/7
  4738 | D:5      | Found a hide-covered altar of Uskayaw.
  4799 | D:5      | Reached skill level 5 in Axes
  4823 | D:5      | Found an ancient bone altar of Kikubaaqudgha.
  4823 | D:5      | Found a glowing golden altar of the Shining One.
  4880 | D:5      | Found Ygrot's Antique Armour Shoppe.
  4885 | D:5      | Found Ytaciotont's Antique Armour Boutique.
  5079 | D:6      | Reached skill level 5 in Armour
  5079 | D:6      | Reached XP level 8. HP: 54/61 MP: 8/8
  5412 | D:6      | Found a staircase to the Ecumenical Temple.
  5425 | Temple   | Entered the Ecumenical Temple
  5525 | Temple   | Became a worshipper of Warmaster Okawaru
  5723 | D:6      | Reached skill level 6 in Axes
  6044 | D:7      | Reached * piety under Okawaru
  6044 | D:7      | Reached skill level 5 in Fighting
  6078 | D:7      | Found a sacrificial altar of Ru.
  6171 | D:7      | Found a runed door.
  6217 | D:7      | Noticed Crazy Yiuf
  6224 | D:7      | HP: 3/62 [Crazy Yiuf/quarterstaff of chaos (13)]
  6227 | D:7      | Killed Crazy Yiuf
  6674 | D:7      | Reached XP level 9. HP: 68/68 MP: 9/9
  6718 | D:7      | Found a sparkling altar of Nemelex Xobeh.
  6779 | D:7      | Reached skill level 7 in Axes
  7690 | D:8      | Found a basalt altar of Yredelemnul.
  8067 | D:8      | Reached skill level 8 in Axes
  8171 | D:8      | Noticed Erica
  8190 | D:8      | Killed Erica
  8190 | D:8      | Reached ** piety under Okawaru
  8190 | D:8      | Reached skill level 9 in Axes
  8190 | D:8      | Reached XP level 10. HP: 56/76 MP: 10/10
  8549 | D:9      | Found Fuih's Weapon Shop.
  8592 | D:9      | Noticed Grum
  8612 | D:9      | Killed Grum
  8846 | D:9      | Reached *** piety under Okawaru
  8868 | D:9      | Found a hazy altar of Hepliaklqana.
  9054 | D:9      | Noticed a two-headed ogre
  9062 | D:9      | Killed a two-headed ogre
  9062 | D:9      | Reached skill level 10 in Axes
  9245 | D:10     | Entered Level 10 of the Dungeon
  9453 | D:10     | Reached **** piety under Okawaru
  9524 | D:10     | Noticed a cyan ugly thing
  9541 | D:10     | Killed a cyan ugly thing
 10036 | D:11     | Noticed an unseen horror
 10317 | D:5      | Bought a glowing plate armour for 546 gold pieces
 10608 | D:10     | Reached XP level 11. HP: 71/84 MP: 11/11
 10624 | D:10     | Killed an unseen horror
 10719 | D:10     | Reached skill level 11 in Axes
 10859 | D:11     | Noticed a cyclops
 10867 | D:11     | HP: 4/85 [cyclops/large rock (34)]
 11218 | D:11     | Killed a cyclops
 11218 | D:11     | Reached ***** piety under Okawaru
 11242 | D:11     | Noticed an unseen horror
 11268 | D:10     | Killed an unseen horror
 11463 | D:11     | Noticed a death yak
 11464 | D:11     | Noticed a cyan ugly thing
 11464 | D:11     | Noticed a death yak
 11465 | D:11     | Noticed a death yak
 11466 | D:11     | Noticed a death yak
 11466 | D:11     | Noticed a death yak
 11486 | D:11     | Noticed a death yak
 11486 | D:11     | Killed a cyan ugly thing
 11488 | D:11     | Killed a death yak
 11488 | D:11     | Reached skill level 12 in Axes
 11498 | D:11     | Killed a death yak
 11515 | D:10     | Killed a death yak
 11845 | D:10     | Killed a death yak
 11845 | D:10     | Received a gift from Okawaru
 12013 | D:10     | Reached XP level 12. HP: 82/94 MP: 12/12
 12055 | D:11     | Killed a death yak
 12222 | D:10     | Killed a death yak
 12222 | D:10     | Reached skill level 13 in Axes
 12433 | D:11     | Found a staircase to the Lair.
 12677 | D:12     | Reached skill level 10 in Armour
 13042 | Lair:1   | Entered Level 1 of the Lair of Beasts
 13489 | Lair:1   | Received a gift from Okawaru
 13494 | Lair:1   | Got a garnet-studded chain mail {god gift}
 13507 | Lair:1   | Identified the +4 chain mail of Nerph {*Slow +Inv rF+++ rN+} (Okawaru gifted it to you on level 1 of the Lair of Beasts)
 14437 | Lair:2   | Reached ****** piety under Okawaru
 14437 | Lair:2   | Reached skill level 14 in Axes
 14614 | Lair:2   | Noticed a five-headed hydra
 14622 | Lair:2   | Killed a one-headed hydra
 14777 | Lair:2   | Reached XP level 13. HP: 101/101 MP: 13/13
 14972 | Lair:2   | Reached skill level 15 in Axes
 15230 | Lair:2   | Received a gift from Okawaru
 15233 | Lair:2   | Got a faintly humming scale mail {god gift}
 15244 | Lair:2   | Identified the +2 scale mail "Wojix" {Str-5 Dex+7} (Okawaru gifted it to you on level 2 of the Lair of Beasts)
 15648 | Lair:2   | Reached skill level 10 in Fighting
 16537 | Lair:3   | Got a pair of shimmering gloves
 16543 | Lair:3   | Identified the cursed +0 pair of gloves of the Okapi {rF+} (You found it on level 3 of the Lair of Beasts)
 16885 | Lair:3   | Found a staircase to the Swamp.
 17073 | Lair:3   | Found a hole to the Spider Nest.
 17197 | Lair:3   | Reached skill level 16 in Axes
 17860 | Lair:4   | Noticed a four-headed hydra
 17867 | Lair:4   | Killed a one-headed hydra
 18605 | Lair:5   | Noticed a five-headed hydra
 18614 | Lair:5   | Killed a one-headed hydra
 18614 | Lair:5   | Reached XP level 14. HP: 113/113 MP: 14/14
 19075 | Lair:5   | Found a runed door.
 19075 | Lair:5   | Found a viscous altar of Jiyva.
 19076 | Lair:5   | Found a staircase to the Slime Pits.
 19321 | Lair:5   | Received a gift from Okawaru
 19621 | Lair:5   | Got a shimmering chain mail {god gift}
 19633 | Lair:5   | Identified the +2 chain mail "Woukh" {MR+} (Okawaru gifted it to you on level 5 of the Lair of Beasts)
 19642 | Lair:6   | Entered Level 6 of the Lair of Beasts
 19677 | Lair:6   | Noticed Scypier's ghost (journeyman GnWn)
 19736 | Lair:6   | Killed Scypier's ghost
 21070 | Lair:6   | Received a gift from Okawaru
 21832 | Swamp:1  | Entered Level 1 of the Swamp
 21938 | Swamp:1  | Noticed a thorn hunter
 21967 | Swamp:1  | Killed a thorn hunter
 22522 | Swamp:1  | Reached XP level 15. HP: 115/127 MP: 15/15
 22525 | Swamp:1  | You fall through a shaft!
 22847 | Swamp:2  | Reached skill level 15 in Fighting
 23913 | Swamp:2  | Noticed a thorn hunter
 23924 | Swamp:2  | Killed a thorn hunter
 23935 | Swamp:2  | HP: 4/130 [spriggan rider/enchanted spear (17)]
 23936 | Swamp:2  | Slain by a spriggan rider

Skill      XL: |  1  2  3  4  5  6  7  8  9 10 11 12 13 14 15 |
---------------+----------------------------------------------+-----
Shields        | 4 5 6 7 9 |  9.1
Axes           | 3 4 5 6 9 10 12 14 16 | 16.0
Armour         | 4 5 6 8 9 10 11 12 13 | 13.0
Fighting       | 4 5 6 7 8 9 11 14 15 | 15.8
Stealth        | |  0.4

Action                   |  1- 3 |  4- 6 |  7- 9 | 10-12 | 13-15 || total
-------------------------+-------+-------+-------+-------+-------++-------
Melee: War axe           |   153 |   176 |   311 |   382 |   963 ||  1985
       Battleaxe         |       |       |     9 |   152 |       ||   161
Invok: Heroism           |       |       |       |     2 |     1 ||     3
 Abil: Dig               |       |       |       |     5 |     1 ||     6
       Evoke Invisibilit |       |       |       |     1 |       ||     1
Evoke: Wand              |       |       |       |     4 |     3 ||     7
       Box of beasts     |       |       |       |       |     1 ||     1
  Use: Scroll            |       |     8 |     6 |     9 |     9 ||    32
       Potion            |       |       |     2 |     5 |     5 ||    12
 Stab: Paralysed         |       |       |     1 |       |       ||     1
       Invisible         |       |       |       |     1 |       ||     1
  Eat: Chunk             |     3 |     4 |     7 |    17 |    38 ||    69
       Ration            |       |     1 |     2 |     2 |       ||     5
Armor: Scale mail        |    55 |       |       |       |    68 ||   123
       Chain mail        |       |    78 |    96 |    67 |   237 ||   478
       Plate armour      |       |       |       |   119 |       ||   119
Dodge: Dodged            |    44 |    50 |    71 |   165 |   293 ||   623
Block: Shield            |    76 |    87 |   139 |   302 |   377 ||   981
